 Dungeon Crawl Stone Soup version 0.29-a0-352-g0917bc69df (webtiles) character file.

Game seed: 11899788587299240129

106 spaghetti the Ruffian (level 4, -3/41 HPs)
             Began as a Gnoll Berserker on Apr 24, 2022.
             Was a Believer of Trog.
             Killed from afar by Sigmund (7 damage)
             ... with a magic dart
             ... on level 3 of the Dungeon.
             The game lasted 00:04:20 (2850 turns).

spaghetti the Ruffian (Gnoll Berserker)             Turns: 2850, Time: 00:04:21

Health: -3/41      AC:  2    Str: 16    XL:     4   Next: 84%
Magic:  5/5        EV: 13    Int: 15    God:    Trog [**....]
Gold:   176        SH:  0    Dex: 11    Spells: 5/5 levels left

rFire   + . .      SeeInvis .     - Unarmed
rCold   . . .      Faith    .   (no shield)
rNeg    . . .      Spirit   .   a - +0 animal skin
rPois   .          Reflect  .   (no helmet)
rElec   .          Harm     .   (no cloak)
rCorr   +          Rampage  .   (no gloves)
Will    .....                   (no boots)
Stlth   ++........              (no amulet)
HPRegen 0.13/turn               i - ring of protection from fire
MPRegen 0.09/turn               m - ring of the Robin {rCorr Int+6}

@: on berserk cooldown, flying, slowed, very slow
A: fangs 1, strong nose, distributed training
a: Renounce Religion, Berserk, Trog's Hand


You were on level 3 of the Dungeon.
You worshipped Trog.
Trog was pleased with you.
You visited 1 branch of the dungeon, and saw 3 of its levels.

You collected 176 gold pieces.


Innate Abilities, Weirdness & Mutations

You have very sharp teeth.
Your uncanny sense of smell can sniff out nearby items.
Your experience applies equally to all skills.


   Skills:
 + Level 6.6 Fighting
 + Level 1.2 Short Blades
 + Level 1.2 Long Blades
 + Level 1.2 Axes
 + Level 1.2 Maces & Flails
 + Level 1.2 Polearms
 + Level 1.2 Staves
 + Level 1.2 Slings
 + Level 1.2 Bows
 + Level 1.2 Crossbows
 + Level 1.2 Throwing
 + Level 4.7 Armour
 + Level 4.7 Dodging
 + Level 1.2 Stealth
 + Level 1.2 Shields
 + Level 6.6 Unarmed Combat
 + Level 1.2 Spellcasting
 + Level 1.0 Conjurations
 + Level 1.0 Hexes
 + Level 1.0 Summonings
 + Level 1.0 Necromancy
 + Level 1.0 Translocations
 + Level 1.0 Transmutations
 + Level 1.0 Fire Magic
 + Level 1.0 Ice Magic
 + Level 1.0 Air Magic
 + Level 1.0 Earth Magic
 + Level 1.0 Poison Magic
 + Level 1.4 Invocations
 + Level 1.2 Evocations


You had 5 spell levels left.
You didn't know any spells.
Your spell library contained the following spells:

 Spells                   Type           Power      Damage    Failure   Level
 Magic Dart               Conj           16%        1d3       16%         1
 Summon Small Mammal      Summ           16%        N/A       16%         1
 Call Imp                 Summ           4%         N/A       24%         2
 Call Canine Familiar     Summ           4%         N/A       43%         3
 Mephitic Cloud           Conj/Pois/Air  4%         N/A       43%         3
 Summon Guardian Golem    Hex/Summ       4%         N/A       43%         3

Inventory:

Missiles
 c - 40 stones (quivered) {throwing}
 e - 5 poisoned darts {throwing}
 k - 4 boomerangs {throwing}
 n - 6 curare-tipped darts {=fthrowing}
Armour
 a - a +0 animal skin (worn)
Jewellery
 i - a ring of protection from fire (left hand)
   (You found it on level 1 of the Dungeon)
 m - the ring of the Robin (right hand) {rCorr Int+6}
   (You found it on level 2 of the Dungeon)

   [ring of intelligence]

   Int:       It affects your intelligence (+6).
   rCorr:     It protects you from acid and corrosion.
Scrolls
 d - a scroll of vulnerability {unknown}
 f - 2 scrolls of enchant armour {unknown}
 g - a scroll of teleportation {unknown}
 h - a scroll of amnesia {unknown}
 j - a scroll of identify {unknown}
 l - a scroll of noise {unknown}
 p - a scroll of magic mapping {unknown}
 q - a scroll of immolation {unknown}
Potions
 o - a potion of curing {unknown}
 r - a potion of haste {unknown}

Dungeon Overview and Level Annotations

Branches:
Dungeon (3/15)

Altars:

Shops:
D:1 =   D:2 (

Annotations:
D:3 Sigmund

..........###########
...............##.....##
..(....................##
........................#
......................)..
.$.....................
...#{................
##.###)#@................
......)).................
##.......................
#.......................
#.........############..
#.........# #..
#..[......# #..
....##..>..# #.. .#.#
##..... ....


There were no monsters in sight!


Message History

A ball python comes into view.
The ball python moves out of view.
A ball python and an orc come into view.
The orc shouts!
There are monsters nearby! 2 orcs come into view.
The orc shouts!
Sigmund the Dreaded comes into view.
He is wielding a +0 scythe, wearing a +2 robe of positive energy and carrying a wand of flame (18).
Sigmund shouts!
Sigmund gestures wildly while chanting.
Sigmund flickers and vanishes!
Deactivating autopickup; reactivate with Ctrl-A.
A rat comes into view.
The orc hits you with a +0 club. 😕 HP[-2]
You take 2 damage, and now have 39/41 hp.
A red film seems to cover your vision as you go berserk!
You feel yourself moving faster!
You feel mighty!
The orc shouts! 😕 HP[+19]
You now have 61 max hp (+20).
You regained 19 hp, and now have 58/61 hp.
You hit the orc. The orc barely misses you.
You hit the orc. You closely miss the orc. The orc barely misses you.
The orc misses you.
You punch the orc!
You kill the orc!
Trog accepts your kill. 😕 HP[+1]
You punch the orc!
You kill the orc!
Trog accepts your kill. Something hits you. 😕 HP[-3]
You take 3 damage, and now have 56/61 hp.
The rat barely misses you.
Things that are here:
a +0 dagger {short}; a +0 leather armour You barely miss the rat.
You closely miss the rat. The rat misses you.
You barely miss the rat.
A magic dart appears from out of thin air!
The magic dart hits you. 😕 HP[-4]
You take 4 damage, and now have 52/61 hp.
You punch the rat!
You kill the rat!
Trog accepts your kill.
You punch the orc!
You kill the orc!
Trog accepts your kill.
You hear some strange, mumbled words.
You are confused.
Something hits you.
You're too confused to move!
You feel a strong urge to attack something.
You are no longer berserk.
You are exhausted.
You feel yourself slow down. 😕 HP[-17]
You now have 41 max hp (-20).
Unknown command.
You hear some strange, mumbled words.
Something tries to affect you, but you resist.
You bump into the rock wall.
Something hits you but does no damage.
You miss something.
You hear some strange, mumbled words.
Something tries to affect you, but you resist.
You hear some strange, mumbled words.
A magic dart appears from out of thin air!
The magic dart hits you! 😮 HP[-7]
You take 7 damage, and now have 28/41 hp.
Unknown command.
You feel less confused. Something hits you but does no damage.
Something hits you!
* * * LOW HITPOINT WARNING * * *
😨 HP[-12]
You take 12 damage, and now have 16/41 hp.
MASSIVE DAMAGE!! (PAUSE) Unknown command.
You barely miss something. Something hits you but does no damage.
You closely miss something. Something hits you.
* * * LOW HITPOINT WARNING * * *
😨 HP[-2]
You take 2 damage, and now have 14/41 hp.
You hit something. Something hits you!
* * * LOW HITPOINT WARNING * * *
😱 HP[-10]
You take 10 damage, and now have 4/41 hp.
MASSIVE DAMAGE!! (PAUSE) Unknown command.
It was a potion of flight.
You feel very buoyant.
You fly up into the air.
You hear some strange, mumbled words.
A magic dart appears from out of thin air!
The magic dart hits you!
You die...

Skill      XL: |  1  2  3  4 |
---------------+-------------+-----
Invocations    | 1 |  1.4
Short Blades   | 1 |  1.2
Long Blades    | 1 |  1.2
Axes           | 1 |  1.2
Maces & Flails | 1 |  1.2
Polearms       | 1 |  1.2
Staves         | 1 |  1.2
Slings         | 1 |  1.2
Bows           | 1 |  1.2
Crossbows      | 1 |  1.2
Throwing       | 1 |  1.2
Stealth        | 1 |  1.2
Shields        | 1 |  1.2
Spellcasting   | 1 |  1.2
Evocations     | 1 |  1.2
Conjurations   | 1 |  1.0
Hexes          | 1 |  1.0
Summonings     | 1 |  1.0
Necromancy     | 1 |  1.0
Translocations | 1 |  1.0
Transmutations | 1 |  1.0
Fire Magic     | 1 |  1.0
Ice Magic      | 1 |  1.0
Air Magic      | 1 |  1.0
Earth Magic    | 1 |  1.0
Poison Magic   | 1 |  1.0
Fighting       | |  6.6
Armour         | |  4.7
Dodging        | |  4.7
Unarmed Combat | |  6.6

Action                   |  1- 3 |  4- 6 || total
-------------------------+-------+-------++-------
Melee: Unarmed           |    73 |    36 ||   109
       Bite              |     5 |     1 ||     6
       Punch             |       |     1 ||     1
Throw: Stone             |    69 |    19 ||    88
Invok: Berserk           |     1 |     2 ||     3
  Use: Potion            |       |     1 ||     1
 Stab: Sleeping          |     1 |       ||     1
Armor: Animal skin       |     3 |     7 ||    10
Dodge: Dodged            |    31 |    15 ||    46

Levels and vault maps discovered:
D:1:      co_arrival_random_square_maze, layout_basic, serial_shops,
          nicolae_shop_crystal, minmay_misc_feat_five, minmay_close_crescents
D:2:      layout_loops_cross, nicolae_ecumenical_snake_handling, serial_shops,
          shop
D:3:      layout_rooms, serial_bayou_pond_b, bh_walls_and_bars, uniq_robin,
          uniq_sigmund, uniq_ijyb

Notes
Turn   | Place    | Note
-------+----------+-------------------------------------------
     0 | D:1      | spaghetti the Gnoll Berserker began the quest for the Orb.
     0 | D:1      | Reached XP level 1. HP: 23/23 MP: 1/1
     0 | D:1      | magus.rc [v1.9.6]
   274 | D:1      | You pick up a book of Callings {forbidden} and begin
                  | reading...
   274 | D:1      | You add the spells Summon Small Mammal, Call Canine
                  | Familiar and Summon Guardian Golem to your library.
   385 | D:1      | Reached XP level 2. HP: 29/29 MP: 2/2
  1100 | D:1      | Reached XP level 3. HP: 35/35 MP: 3/3
  1169 | D:1      | Found Vuafia's Jewellery Shop.
  1203 | D:1      | Reached ** piety under Trog
  1499 | D:2      | Reached skill level 1 in Invocations
  1504 | D:2      | Found a faded altar of an unknown god.
  1526 | D:2      | Reached skill level 1 in Short Blades
  1526 | D:2      | Reached skill level 1 in Long Blades
  1526 | D:2      | Reached skill level 1 in Axes
  1526 | D:2      | Reached skill level 1 in Maces & Flails
  1526 | D:2      | Reached skill level 1 in Polearms
  1526 | D:2      | Reached skill level 1 in Staves
  1526 | D:2      | Reached skill level 1 in Slings
  1526 | D:2      | Reached skill level 1 in Bows
  1526 | D:2      | Reached skill level 1 in Crossbows
  1526 | D:2      | Reached skill level 1 in Throwing
  1526 | D:2      | Reached skill level 1 in Stealth
  1526 | D:2      | Reached skill level 1 in Shields
  1526 | D:2      | Reached skill level 1 in Spellcasting
  1526 | D:2      | Reached skill level 1 in Evocations
  1633 | D:2      | You pick up a book of Minor Magic {forbidden} and begin
                  | reading...
  1633 | D:2      | You add the spells Magic Dart, Call Imp and Mephitic Cloud
                  | to your library.
  1725 | D:2      | Reached XP level 4. HP: 28/41 MP: 5/5
  1947 | D:2      | Found Feit's Antique Weapon Boutique.
  1977 | D:2      | Identified the ring of the Robin {rCorr Int+6}
  2041 | D:2      | HP: 14/61 [gnoll/+0 halberd (14)]
  2048 | D:2      | HP: 10/61 [gnoll/+0 club (5)]
  2051 | D:2      | Reached skill level 1 in Conjurations
  2051 | D:2      | Reached skill level 1 in Hexes
  2051 | D:2      | Reached skill level 1 in Summonings
  2051 | D:2      | Reached skill level 1 in Necromancy
  2051 | D:2      | Reached skill level 1 in Translocations
  2051 | D:2      | Reached skill level 1 in Transmutations
  2051 | D:2      | Reached skill level 1 in Fire Magic
  2051 | D:2      | Reached skill level 1 in Ice Magic
  2051 | D:2      | Reached skill level 1 in Air Magic
  2051 | D:2      | Reached skill level 1 in Earth Magic
  2051 | D:2      | Reached skill level 1 in Poison Magic
  2824 | D:3      | Noticed Sigmund
  2849 | D:3      | HP: 4/41 [something (10)]
  2850 | D:3      | Killed from afar by Sigmund

Vanquished Creatures
  3 gnolls (D:2)
  2 adders (D:2)
  A worm (D:2)
  A dart slug (D:2)
  3 orcs (D:3)
  3 endoplasms
  11 goblins
  3 hobgoblins
  3 jackals (D:1)
  3 quokkas (D:1)
  6 ball pythons
  A bat (D:2)
  2 frilled lizards (D:1)
  A kobold (D:1)
  5 rats
48 creatures vanquished.

Table legend:
 A = Non-vault XP
 B = Vault XP
 C = Vault XP percentage of total XP
 D = Non-vault monster count
 E = Vault monster count
 F = Vault count percentage of total count
                 A         B        C        D         E       F
            +---------+---------+-------+---------+---------+-------
      Total |     121 |      31 |  20.4 |      37 |      11 |  22.9
            +---------+---------+-------+---------+---------+-------
        D:1 |      26 |      11 |  29.7 |      16 |       6 |  27.3
        D:2 |      82 |      20 |  19.6 |      15 |       5 |  25.0
        D:3 |      13 |       0 |   0.0 |       6 |       0 |   0.0
            +---------+---------+-------+---------+---------+-------

Illustrated notes

Table legend:
 A = Kills in this place as a percentage of kills in entire the game.
 B = Kills by you in this place as a percentage of kills by you in the entire game.
 C = Kills by friends in this place as a percentage of kills by friends in the entire game.
 D = Other kills in this place as a percentage of other kills in the entire game.
 E = Experience gained in this place as a percentage of experience gained in the entire game.
 F = Experience gained in this place divided by the number of levels of this place that you have seen.
                   A       B       C       D       E      F
               +-------+-------+-------+-------+-------+----------------------
         Total | 100.0 | 100.0 |   N/A |   N/A | 100.0 |  50.7
       Dungeon | 100.0 | 100.0 |   N/A |   N/A | 100.0 |  50.7
               +-------+-------+-------+-------+-------+----------------------

Table legend: (Time is in decaauts)
 A = Elapsed time spent in this place.
 B = Non-inter-level travel time spent in this place.
 C = Inter-level travel time spent in this place.
 D = Time resting spent in this place.
 E = Time spent auto-exploring this place.
 F = Levels seen in this place.
 G = Mean time per level.
                   A        B        C        D        E       F      G
               +--------+--------+--------+--------+--------+-----+--------+
         Total |   2852 |   2814 |     38 |    510 |   1988 |   3 |  950.7 |
       Dungeon |   2852 |   2814 |     38 |    510 |   1988 |   3 |  950.7 |
               +--------+--------+--------+--------+--------+-----+--------+

Top non-repeatable levels by time:
     D:1: 1415 daAuts
     D:2: 1228 daAuts
     D:3: 208 daAuts
